 Dungeon Crawl Stone Soup version 0.19-a0-1714-gcab94ab (webtiles) character file.

17618 hairmachine the Slinger (level 12, -5/130 HPs)
             Began as a Halfling Hunter on Sept 28, 2016.
             Was a Priest of Makhleb.
             Slain by Urug
             ... wielding a +1 demon trident of venom
              (13 damage)
             ... on level 4 of the Lair of Beasts.
             The game lasted 00:53:49 (17497 turns).

hairmachine the Slinger (Halfling Hunter)          Turns: 17497, Time: 00:53:50

Health: -5/130     AC: 27    Str: 18    XL:     12   Next: 84%
Magic:  12/12      EV:  3    Int:  9    God:    Makhleb [***...]
Gold:   703        SH:  2    Dex: 25    Spells: 0 memorised, 11 levels left

rFire  + + .     SeeInvis .     N - +1 scimitar (elec)
rCold  . . .     Gourm    .     (armour currently unavailable)
rNeg   + + +     Faith    .     (shield restricted)
rPois  +         Spirit   .     (helmet currently unavailable)
rElec  +         Dismiss  .     (cloak currently unavailable)
rCorr  +         Reflect  +     (gloves currently unavailable)
MR     .....     Harm     .     (boots currently unavailable)
Stlth  ++++...... Clarity  +    k - +2 amulet of reflection NoTele +
                                (no ring)
                                l - ring of fire

@: mighty, agile, lethally poisoned (-5 -> -14), tree-form, resistant
A: clarity, (cold resistance 0), mutation resistance 1
a: Minor Destruction, Lesser Servant of Makhleb, Renounce Religion


You were on level 4 of the Lair of Beasts.
You worshipped Makhleb.
Makhleb was most pleased with you.
You were not hungry.
You were a tree.
You visited 3 branches of the dungeon, and saw 14 of its levels.

You collected 703 gold pieces.

Inventory:

Hand Weapons
 a - a +1 hunting sling
 N - a +1 scimitar of electrocution (weapon)
Missiles
 e - 326 stones (quivered)
 Q - 9 sling bullets
Armour
 d - a +0 pair of boots (melded)
 g - a +0 helmet (melded)
 B - a +5 plate armour (melded)
 H - a +0 pair of gloves (melded)
 R - a +0 cloak (melded)
Jewellery
 k - a +2 amulet of reflection (around neck)
 l - a ring of fire (left branch)
 E - an uncursed amulet of harm {unknown}
Wands
 t - a wand of lightning (14/15)
 G - a wand of iceblast (9/15)
 J - a wand of lightning (10/15)
 M - a wand of random effects (18/48)
 V - a wand of lightning (4/15)
Scrolls
 h - 6 scrolls of remove curse
 j - 3 scrolls of amnesia
 m - a scroll of fog {unknown}
 n - a scroll of acquirement {unknown}
 o - a scroll of holy word {unknown}
 s - a scroll of identify
 u - 4 scrolls of random uselessness
 v - 3 scrolls of recharging
 y - 2 scrolls of magic mapping
 z - a scroll of vulnerability {unknown}
 A - 5 scrolls of teleportation
 F - 2 scrolls of enchant armour
 O - 4 scrolls of fear
 S - a scroll of blinking
Potions
 q - 2 potions of brilliance
 w - 3 potions of flight
 x - a potion of resistance
 C - a potion of magic
 T - a potion of ambrosia {unknown}
Books
 p - a book of Annihilations

   Spells                             Type                      Level
   a - Poison Arrow                   Conjuration/Poison           6
   b - Chain Lightning                Conjuration/Air              8
   c - Lehudib's Crystal Spear        Conjuration/Earth            8
   d - Glaciate                       Conjuration/Ice              9
   e - Fire Storm                     Conjuration/Fire             9
Comestibles
 b - 4 meat rations
 c - a royal jelly
 f - 6 bread rations
 r - 5 fruits
 D - 2 chunks of flesh


   Skills:
 + Level 9.9 Fighting
   Level 4.0(8.8) Short Blades
 + Level 10.2(10.4) Long Blades
 - Level 12.0 Slings
 - Level 10.9 Armour
 + Level 5.5 Dodging
 - Level 1.3 Stealth


You had 11 spell levels left.
You didn't know any spells.

Dungeon Overview and Level Annotations

Branches:
Dungeon (9/15)             Temple (1/1) D:7            Lair (4/6) D:8
  Swamp (0/4) Lair:3       Spider (0/4) Lair:2          Orc (0/2) D:9

Altars:
Ashenzari
Cheibriados
Dithmenos
Elyvilon
Fedhas
Gozag
Hepliaklqana
Kikubaaqudgha
Makhleb
Nemelex Xobeh
Okawaru
Qazlal
Ru
Sif Muna
Trog
Uskayaw
Vehumet
Xom
Yredelemnul
Zin
The Shining One

Shops:
D:4 :   D:8 (

Annotations:
D:2 Sigmund
Lair:4 Urug


Innate Abilities, Weirdness & Mutations

You are small and have problems with some larger weapons.
You are somewhat resistant to further mutation.
You possess an exceptional clarity of mind.
((Your flesh is cold resistant. (rC+)))


Message History

It was a potion of might.
You feel very mighty all of a sudden.
You feel sick. Urug hits you but does no damage.
You are more poisoned.
You completely miss Urug.
Urug is severely wounded.
You feel sick.
Urug screams, "Die, harpy!"
Urug hits you with a demon trident of venom.
* * * LOW HITPOINT WARNING * * *
You slash Urug!
Urug is almost dead.
* * * LOW HITPOINT WARNING * * *
You feel sick. Urug hits you but does no damage.
It was a potion of agility.
You feel agile all of a sudden.
* * * LOW HITPOINT WARNING * * *
You feel sick.
Urug hits you with a demon trident of venom!
You die...

#P.(# ##.## #(P# # ####
#######(####
###..#####.#.##..P..##.#
................(.......
.###.#...###.###(..#####
.#######..#.####o###
...# ##.#### #.♣.###
..#####..## ####(.#.###
.P#.......###P#..##...##
.......................#
#....####..............#
...### #...............#
#..P# ##..............#
....# #..............#
#...# #..............#


You could see Urug.

Vanquished Creatures
  A hydra (Lair:2)
  The ghost of Xiguana the Fighter, a novice DsCK of Xom (D:8)
  Maurice (D:9)
  4 black mambas
  3 torpor snails (Lair:1)
  3 spiny frogs
  A rime drake (Lair:1)
  2 komodo dragons
  A polar bear (Lair:1)
  A troll (D:7)
  Prince Ribbit (D:6)
  10 blink frogs
  3 hippogriffs
  15 yaks
  2 basilisks
  Menkaure (D:4)
  5 water moccasins
  11 porcupines
  Duvessa (D:6)
  3 orc warriors
  A wasp (D:8)
  3 ice beasts (D:6)
  A phantom (D:4)
  2 sky beasts
  A black bear (D:7)
  A centaur (D:7)
  3 ogres
  8 crocodiles
  Blork the orc (D:6)
  9 bullfrogs
  Dowan (D:6)
  4 scorpions
  A water moccasin skeleton (D:8)
  10 wights
  2 howler monkeys
  7 crimson imps
  A centaur zombie (D:8)
  3 hounds
  A quasit (D:9)
  3 orc priests
  A centaur skeleton (D:7)
  4 jellies
  7 orc wizards
  Crazy Yiuf (D:7)
  4 iguanas
  8 worker ants
  A killer bee zombie (D:7)
  2 worker ant zombies (D:7)
  9 adders
  7 gnolls
  19 river rats
  A shadow imp (D:7)
  An ooze (D:2)
  2 adder skeletons (D:4)
  An adder zombie (D:6)
  5 worms
  3 leopard geckos
  28 orcs
  A ball python (D:1)
  5 giant cockroaches
  8 goblins
  9 hobgoblins
  20 jackals
  6 quokkas
  6 bats
  6 frilled lizards
  18 kobolds
  A leopard gecko zombie (D:5)
  A quokka skeleton (D:5)
  2 quokka zombies
  20 rats
  2 plants (D:8)
342 creatures vanquished.

Vanquished Creatures (others)
  A bush (Lair:4)
  5 fungi
  A plant (D:8)
7 creatures vanquished.

Grand Total: 349 creatures vanquished

Notes
Turn   | Place    | Note
-------+----------+-------------------------------------------
     0 | D:1      | hairmachine the Halfling Hunter began the quest for the Orb.
     0 | D:1      | Reached XP level 1. HP: 14/14 MP: 1/1
   126 | D:1      | Reached skill level 6 in Slings
   151 | D:1      | Reached XP level 2. HP: 19/19 MP: 2/2
   401 | D:1      | Reached skill level 1 in Short Blades
   450 | D:1      | Reached XP level 3. HP: 24/24 MP: 3/3
  1165 | D:2      | Reached XP level 4. HP: 28/29 MP: 4/4
  1328 | D:2      | Noticed Sigmund
  2563 | D:3      | Found a faded altar of an unknown god.
  2668 | D:3      | Reached XP level 5. HP: 34/34 MP: 5/5
  3216 | D:4      | Noticed Menkaure
  3223 | D:4      | Killed Menkaure
  3223 | D:4      | Reached skill level 7 in Slings
  3223 | D:4      | Reached XP level 6. HP: 29/39 MP: 6/6
  3264 | D:4      | Noticed an ogre
  3276 | D:4      | Killed an ogre
  3279 | D:4      | Reached skill level 8 in Slings
  3513 | D:4      | Noticed a phantom
  3567 | D:4      | Killed a phantom
  3567 | D:4      | Reached XP level 7. HP: 44/45 MP: 7/7
  3851 | D:4      | Found Gitib's Book Boutique.
  4200 | D:5      | Entered Level 5 of the Dungeon
  4296 | D:5      | Reached skill level 9 in Slings
  4408 | D:5      | Found an ancient bone altar of Kikubaaqudgha.
  4996 | D:5      | Reached skill level 5 in Armour
  5014 | D:5      | Reached XP level 8. HP: 50/50 MP: 8/8
  5707 | D:5      | Reached skill level 10 in Slings
  5739 | D:6      | Noticed Duvessa
  5742 | D:6      | Noticed Dowan
  5751 | D:6      | Killed Duvessa
  5755 | D:6      | Killed Dowan
  5847 | D:6      | You fall through a shaft for 3 floors!
  5850 | D:8      | Found Selypn's Antique Weapon Boutique.
  5905 | D:8      | Noticed Xiguana's ghost (novice DsCK)
  5984 | D:7      | Found a blossoming altar of Fedhas.
  6123 | D:6      | Noticed Blork the orc
  6140 | D:6      | Killed Blork the orc
  6236 | D:6      | Found a hide-covered altar of Uskayaw.
  6236 | D:6      | Found a sparkling altar of Nemelex Xobeh.
  6316 | D:6      | Reached skill level 11 in Slings
  6401 | D:6      | Gained mutation: You possess an exceptional clarity of mind. [potion of mutation]
  6415 | D:6      | Reached XP level 9. HP: 10/54 MP: 9/9
  6739 | D:6      | Found a glowing golden altar of the Shining One.
  6743 | D:6      | Found a hazy altar of Hepliaklqana.
  6747 | D:6      | Found a deep blue altar of Sif Muna.
  6876 | D:6      | Noticed Prince Ribbit
  6971 | D:6      | Killed Prince Ribbit
  6971 | D:6      | Reached skill level 12 in Slings
  7068 | D:6      | Reached skill level 1 in Long Blades
  7799 | D:7      | Found a runed door.
  8183 | D:7      | Found a staircase to the Ecumenical Temple.
  8253 | Temple   | Entered the Ecumenical Temple
  8317 | Temple   | Became a worshipper of Makhleb the Destroyer
  8328 | D:7      | Reached skill level 5 in Fighting
  8504 | D:7      | Reached XP level 10. HP: 66/66 MP: 10/10
  8608 | D:7      | Noticed Crazy Yiuf
  8613 | D:7      | Paralysed by Crazy Yiuf for 3 turns
  8620 | D:7      | Killed Crazy Yiuf
  8947 | D:8      | Reached skill level 5 in Long Blades
  9509 | D:8      | Found a snail-covered altar of Cheibriados.
 10257 | D:8      | Reached * piety under Makhleb
 10331 | D:8      | Killed Xiguana's ghost
 10508 | D:8      | Found a staircase to the Lair.
 10662 | D:8      | Reached XP level 11. HP: 72/75 MP: 11/11
 11062 | D:9      | Found a sparkling altar of Nemelex Xobeh.
 11062 | D:9      | Noticed Maurice
 11082 | D:9      | Killed Maurice
 11282 | D:9      | Reached ** piety under Makhleb
 11398 | D:9      | Found a staircase to the Orcish Mines.
 11449 | D:9      | Noticed a hill giant
 11710 | Lair:1   | Entered Level 1 of the Lair of Beasts
 12309 | Lair:1   | Found a snail-covered altar of Cheibriados.
 12334 | Lair:1   | Reached skill level 10 in Armour
 12979 | Lair:2   | Gained mutation: Your flesh is cold resistant. (rC+) [potion of beneficial mutation]
 13220 | Lair:2   | Found a hole to the Spider Nest.
 13703 | Lair:2   | Reached XP level 12. HP: 84/84 MP: 12/12
 14658 | Lair:3   | Found a staircase to the Swamp.
 15001 | Lair:3   | Noticed a five-headed hydra
 15110 | Lair:2   | Killed a five-headed hydra
 15123 | Lair:2   | Reached *** piety under Makhleb
 16211 | Lair:4   | Reached skill level 10 in Long Blades
 16275 | Lair:4   | Reached skill level 5 in Dodging
 17443 | Lair:4   | Noticed Urug
 17497 | Lair:4   | Slain by Urug

Vault maps used:
D:1:      dpeg_arrival_leaves_temple_mockup, roderic_filled_cross
D:2:      minmay_pentomino_t2, uniq_sigmund
D:3:      ecumenical_altar_1
D:4:      serial_shops, nicolae_shop_statue_plus, minmay_misc_feat_nine_boxes,
          uniq_menkaure
D:5:      basic_altar, first_bread
D:6:      gammafunk_temple_overflow_wave, minmay_overflow_temple_star_quad,
          uniq_prince_ribbit1, uniq_duvessa, uniq_blork_the_orc
D:7:      minivault_24, fedhas_altar_2, uniq_crazy_yiuf_cottage
D:8:      overflow_temple_1_default, minmay_lair_entry_grove, serial_shops, shop
D:9:      orc_0_dummy, nemelex_xobeh_ov_fountains_minmay, uniq_maurice
Temple:   eino_wide_crystal_templ
Lair:1:   kennysheep_snail_temple
Lair:2:   nicolae_spider_entry_non_spiders
Lair:3:   swamp_mist, minmay_holes
Lair:4:   uniq_urug

Skill      XL: |  1  2  3  4  5  6  7  8  9 10 11 12 |
---------------+-------------------------------------+-----
Slings         | 6 7 8 9 11 12 | 12.0
Fighting       | 2 5 7 8 9 |  9.9
Short Blades   | 1 3 4 |  4.0
Armour         | 2 3 5 7 8 10 | 10.9
Long Blades    | 4 6 8 10 | 10.2
Dodging        | 5 |  5.5
Stealth        | |  1.3

Action                   |  1- 3 |  4- 6 |  7- 9 | 10-12 || total
-------------------------+-------+-------+-------+-------++-------
Melee: Short sword       |     9 |       |       |       ||     9
       Dagger            |     9 |    29 |       |       ||    38
       Falchion          |       |       |   108 |       ||   108
       Scimitar          |       |       |    41 |   666 ||   707
       Hunting sling     |       |       |       |     2 ||     2
 Fire: Hunting sling     |    90 |   125 |   415 |   547 ||  1177
Invok: Minor Destruction |       |       |       |     1 ||     1
Evoke: Wand              |       |       |       |     4 ||     4
  Use: Scroll            |       |     9 |     2 |    11 ||    22
       Potion            |       |     1 |     4 |    17 ||    22
 Stab: Sleeping          |     1 |     1 |       |       ||     2
  Eat: Chunk             |       |     6 |    13 |    27 ||    46
       Pizza             |       |       |     2 |     1 ||     3
       Beef jerky        |       |       |       |     1 ||     1
Armor: Leather armour    |     9 |     5 |       |       ||    14
       Chain mail        |       |     8 |   115 |    22 ||   145
       Plate armour      |       |       |       |   486 ||   486
       Skin              |       |       |       |    39 ||    39
Dodge: Dodged            |    18 |    19 |   105 |   243 ||   385
Block: Other             |       |       |     4 |    58 ||    62
       Reflection        |       |       |       |     1 ||     1
